 Dungeon Crawl Stone Soup version 0.29-a0-330-g52719c12eb (webtiles) character file.

Game seed: 7553838664274000841

111 kae the Firebug (level 4, 0/33 HPs)
             Began as a Demigod Fire Elementalist on May 19, 2022.
             Slain by a black bear (3 damage)
             ... on level 3 of the Dungeon.
             The game lasted 00:02:51 (2786 turns).

kae the Firebug (Demigod Fire Elementalist)         Turns: 2786, Time: 00:02:51

Health: 0/33       AC:  6    Str:  9    XL:     4   Next: 36%
Magic:  0/10       EV: 12    Int: 21    God:
Gold:   134        SH:  0    Dex: 14    Spells: 1/7 levels left

rFire   + . .      SeeInvis .   (no weapon)
rCold   + . .      Faith    .   (no shield)
rNeg    . . .      Spirit   .   a - +2 robe
rPois   +          Reflect  .   h - +2 hat
rElec   +          Harm     .   (no cloak)
rCorr   +          Rampage  .   (no gloves)
Will    .....                   (no boots)
Stlth   ++........              (no amulet)
HPRegen 0.11/turn               (no ring)
MPRegen 0.12/turn               (no ring)

@: mighty, brilliant, resistant
A: high MP 1, forlorn, divine attributes
a: no special abilities


You were on level 3 of the Dungeon.
You visited 1 branch of the dungeon, and saw 3 of its levels.

You collected 134 gold pieces.

Inventory:

Armour
 a - a +2 robe (worn)
 h - a +2 hat (worn)
Scrolls
 g - 2 scrolls of teleportation
Potions
 b - a potion of magic
 c - 2 potions of attraction
 e - 2 potions of heal wounds
 n - a potion of lignification {unknown}
 o - a potion of berserk rage {unknown}


   Skills:
 - Level 1.7 Dodging
 - Level 1.7 Stealth
 + Level 2.3 Spellcasting
 * Level 2.5 Conjurations
 * Level 3.8 Fire Magic


You had one spell level left.
You knew the following spells:

 Your Spells              Type           Power      Damage    Failure   Level
a - Foxfire               Conj/Fire      92%        2x1d8     3%          1
b - Scorch                Fire           54%        2d8       4%          2
c - Conjure Flame         Conj/Fire      23%        6-21      12%         3

Your spell library contained the following spells:

 Spells                   Type           Power      Damage    Failure   Level
 Inner Flame              Hex/Fire       15%        N/A       19%         3
 Dazzling Flash           Conj/Hex       22%        N/A       26%         3
 Flame Wave               Conj/Fire      23%        2d7       36%         4
 Call Canine Familiar     Summ           3%         N/A       38%         3
 Portal Projectile        Hex/Tloc       6%         N/A       38%         3
 Iskenderun's Mystic Bla  Conj/Tloc      11%        2d4       63%         4
 Leda's Liquefaction      Hex/Erth       1%         N/A       80%         4
 Starburst                Conj/Fire      11%        6d5       99%         6


Dungeon Overview and Level Annotations

Branches:
Dungeon (3/15)


Innate Abilities, Weirdness & Mutations

You have an increased reservoir of magic. (+10% MP)
You shall have no god before yourself.
Your divine heritage dramatically boosts your attributes as you level up.


Message History

The black bear misses you. The black bear barely misses you.
You punch the black bear!
The black bear is almost dead.
The black bear barely misses you. The black bear claws you.
The black bear closely misses you.
Casting: Foxfire (safe; 3% risk of failure)
Confirm with . or Enter, or press ? or * to list all spells.
You feel a surge of power!
You conjure some foxfire!
The black bear barely misses you.
The black bear claws you but does no damage. x2
The foxfire hits the black bear.
The black bear is almost dead.
The foxfire hits the black bear but does no damage.
The black bear is almost dead.
The black bear misses you. The black bear closely misses you.
The black bear claws you but does no damage.
You barely miss the black bear.
The black bear is almost dead.
The black bear goes berserk!
You hit the black bear.
The black bear is almost dead.
The black bear bites you! The black bear claws you.
The black bear claws you but does no damage.
You hit the black bear.
The black bear is almost dead.
The black bear bites you!
* * * LOW HITPOINT WARNING * * *
The black bear claws you.
* * * LOW HITPOINT WARNING * * *
The black bear barely misses you. x2
The black bear claws you but does no damage.
The black bear barely misses you.
Casting: Foxfire (safe; 3% risk of failure)
Confirm with . or Enter, or press ? or * to list all spells.
You feel a surge of power!
You conjure some foxfire!
The black bear bites you but does no damage.
The black bear claws you.
* * * LOW HITPOINT WARNING * * *
The black bear claws you.
You die...

###.............†...#
###..#..##.###.#
#..#..##.# #.# # #.
#..##.###.# ## #.
#.........#.# .##
##.##..)....# ..#
#.##..###### ..+
#.##.vv..####### ..#
#....@.......... .##
#####h##.#######
##... #w##.# #...
########.##.# #..
..w..)...##.# #..
..#########.# #.#
####.# #.# #.# #....#
#.# #.###.##.# ..#


You could see a black bear (berserk, ally target) and a worm.

Vanquished Creatures
  3 adders
  3 dart slugs (D:1)
  5 orcs (D:3)
  5 bats
  4 endoplasms
  4 giant cockroaches (D:2)
  8 goblins
  9 hobgoblins
  3 jackals (D:3)
  6 kobolds
  6 ball pythons
  4 frilled lizards
  8 rats
68 creatures vanquished.

Vanquished Creatures (others)
  206 foxfires
206 creatures vanquished.

Grand Total: 274 creatures vanquished

Notes
Turn   | Place    | Note
-------+----------+-------------------------------------------
     0 | D:1      | kae the Demigod Fire Elementalist began the quest for the
                  | Orb.
     0 | D:1      | Reached XP level 1. HP: 14/14 MP: 5/5
    40 | D:1      | Reached skill level 1 in Conjurations
   265 | D:1      | Reached skill level 3 in Fire Magic
   265 | D:1      | Reached XP level 2. HP: 20/20 MP: 4/7
   790 | D:1      | Reached XP level 3. HP: 26/26 MP: 6/8
  1872 | D:2      | Reached XP level 4. HP: 22/33 MP: 2/10
  2397 | D:2      | Learned a level 2 spell: Scorch
  2401 | D:2      | Learned a level 3 spell: Conjure Flame
  2748 | D:3      | Noticed a black bear
  2786 | D:3      | Slain by a black bear

Illustrated notes

Levels and vault maps discovered:
D:1:      minmay_arrival_four_houses, layout_rooms, serial_park_tiny_pond
D:2:      minmay_recursive_quarters, layout_loops_ring
D:3:      layout_loops_ring, mainiacjoe_overflow_catch_the_wave,
          nicolae_ecumenical_oubliette, dk_noncrumbling_3, grunt_decor_junction,
          chequers_serial_rivers_micro_d

Skill      XL: |  1  2  3 |
---------------+----------+-----
Conjurations   | 1 2 |  2.5
Fire Magic     | 3 |  3.8
Spellcasting   | 2 |  2.3
Dodging        | |  1.7
Stealth        | |  1.7

Action                   |  1- 3 |  4- 6 || total
-------------------------+-------+-------++-------
Melee: Unarmed           |     4 |    10 ||    14
 Cast: Foxfire           |    92 |    31 ||   123
       Scorch            |       |     4 ||     4
  Use: Scroll            |     5 |     6 ||    11
       Potion            |       |     3 ||     3
Armor: Robe              |    17 |    13 ||    30
Dodge: Dodged            |    17 |    30 ||    47

Table legend: (Time is in decaauts)
 A = Elapsed time spent in this place.
 B = Non-inter-level travel time spent in this place.
 C = Inter-level travel time spent in this place.
 D = Time resting spent in this place.
 E = Time spent auto-exploring this place.
 F = Levels seen in this place.
 G = Mean time per level.
                   A        B        C        D        E       F      G
               +--------+--------+--------+--------+--------+-----+--------+
         Total |   2785 |   2742 |     43 |      0 |   2291 |   3 |  928.3 |
       Dungeon |   2785 |   2742 |     43 |      0 |   2291 |   3 |  928.3 |
               +--------+--------+--------+--------+--------+-----+--------+

Top non-repeatable levels by time:
     D:2: 1285 daAuts
     D:1: 1136 daAuts
     D:3: 363 daAuts
